 Dungeon Crawl Stone Soup version 0.27.1-1-g398f81649c (webtiles) character file.

Game seed: 3776609122162194701

200 funkygono the Firebug (level 5, -5/28 HPs)
             Began as a Gargoyle Fire Elementalist on Sept 8, 2021.
             Killed from afar by Ijyb (14 damage)
             ... with an iceblast
             ... on level 3 of the Dungeon.
             The game lasted 00:06:21 (2699 turns).

funkygono the Firebug (Gargoyle Fire Elementalist)  Turns: 2699, Time: 00:06:22

Health: -5/28      AC:  6    Str: 11    XL:     5   Next: 79%
Magic:  15/19      EV: 12    Int: 17    God:
Gold:   90         SH:  0    Dex: 10    Spells: 6/11 levels left

rFire    + . .     SeeInvis .   k - +3 whip
rCold    x . .     Faith    .   (no shield)
rNeg     + . .     Spirit   .   a - +0 robe
rPois    ∞         Reflect  .   (no helmet)
rElec    +         Harm     .   (no cloak)
rCorr    .         Rampage  .   (no gloves)
Will     .....                  (no boots)
Stlth    ++........             (no amulet)
HPRegen  0.09/turn              c - ring of magical power
MPRegen  0.16/turn              l - ring of fire

@: no status effects
A: sickness immunity, AC +4, negative energy resistance 1, electricity
resistance, torment resistance 1, petrification resistance
a: no special abilities


You were on level 3 of the Dungeon.
You visited 1 branch of the dungeon, and saw 3 of its levels.

You collected 90 gold pieces.

Inventory:

Hand Weapons
 b - a +0 club
 j - a +0 mace
 k - a +3 whip (weapon)
Missiles
 e - 45 stones
Armour
 a - a +0 robe (worn)
Jewellery
 c - a ring of magical power (left hand)
 l - a ring of fire (right hand)
 m - a ring of magical power
Scrolls
 g - a scroll of fear
Potions
 d - a potion of might {unknown}
 f - a potion of haste {unknown}
 h - a potion of degeneration {unknown}
 i - a potion of heal wounds {unknown}


   Skills:
 + Level 1.6 Dodging
 - Level 2.1 Stealth
 * Level 3.7 Spellcasting
 * Level 2.4 Conjurations
 * Level 1.3 Necromancy
 * Level 4.1 Fire Magic


You had 6 spell levels left.
You knew the following spells:

 Your Spells              Type           Power      Damage    Failure   Level
a - Foxfire               Conj/Fire      84%        2x1d8     4%          1
b - Conjure Flame         Conj/Fire      21%        6-21      12%         3
e - Pain                  Necr           28%        1d5       10%         1

Your spell library contained the following spells:

 Spells                   Type           Power      Damage    Failure   Level
 Animate Skeleton         Necr           14%        N/A       10%         1
 Inner Flame              Hex/Fire       15%        N/A       21%         3
 Vampiric Draining        Necr           3%         2d6       28%         3
 Sticky Flame             Conj/Fire      21%        2d4       38%         4
 Fireball                 Conj/Fire      10%        3d6       75%         5


Dungeon Overview and Level Annotations

Branches:
Dungeon (3/15)

Altars:
Sif Muna

Shops:
D:2 (

Annotations:
D:3 Ijyb


Innate Abilities, Weirdness & Mutations

You are immune to sickness and miasma.
Your stone body is resilient. (AC +4)
You are immune to poison.
You resist negative energy. (rN+)
You are resistant to electric shocks. (rElec)
You are resistant to unholy torment.
You are immune to petrification.


Message History

You feel a surge of power!
You conjure some foxfire!
Casting: Foxfire (safe; 4% risk of failure)
Confirm with . or Enter, or press ? or * to list all spells.
Aiming: Pain (safe; 10% risk of failure)
Press: ? - help, Shift-Dir - straight line, f - Ijyb
Aim: Ijyb, wielding a +0 club, wearing a +0 leather armour and carrying a wand of iceblast (4) (ally target, chance to affect: 62%) Ijyb writhes in agony.
The foxfire hits Ijyb.
Ijyb is moderately wounded.
The foxfire hits Ijyb but does no damage.
Ijyb is moderately wounded.
Your foxfire dissipates!
Casting: Pain (safe; 10% risk of failure)
Confirm with . or Enter, or press ? or * to list all spells.
Aiming: Pain (safe; 10% risk of failure)
Press: ? - help, Shift-Dir - straight line, f/p - Ijyb
Aim: Ijyb, wielding a +0 club, wearing a +0 leather armour and carrying a wand of iceblast (4) (moderately wounded, chance to affect: 62%)
Okay, then.
Casting: Pain (safe; 10% risk of failure)
Confirm with . or Enter, or press ? or * to list all spells.
You feel a surge of power!
You conjure some foxfire!
Ijyb zaps a wand.
The mass of ice explodes!
The iceblast engulfs you. The iceblast engulfs your foxfire! x2
Casting: Foxfire (safe; 4% risk of failure)
Confirm with . or Enter, or press ? or * to list all spells.
You feel a surge of power!
You conjure some foxfire!
The foxfire hits Ijyb.
Ijyb is moderately wounded.
The foxfire hits Ijyb.
Ijyb is moderately wounded.
Ijyb zaps a wand.
The mass of ice explodes!
The iceblast engulfs you!!
You feel a painful chill!
Ouch! That really hurt!
The iceblast engulfs your foxfire! x2
The foxfire hits Ijyb but does no damage.
Ijyb is moderately wounded.
The foxfire hits Ijyb but does no damage.
Ijyb is moderately wounded.
Ijyb zaps a wand.
The mass of ice explodes!
The iceblast engulfs you!
You feel a painful chill!
Ouch! That really hurt!
You die...

###>.....#.##### .#.
# .###..#........
.#..#
...........#..## ..#.
####.##........# ...
# #.##.#......# ..# #
#..#.##.....####..#.#
##.#...........#g.#.#
#.####......#§...#.#
#...###.....@.§§..<#
###.# #......§§....#
#.###............#
#...#....#.......#
###).....#.......##
##.#########....#
#..# #####....#
##.####........#
#......########


You could see Ijyb.

Vanquished Creatures
  A necrophage (D:3)
  3 gnolls (D:3)
  2 adders (D:2)
  2 worms (D:2)
  A dart slug (D:1)
  An orc (D:3)
  6 ball pythons
  4 endoplasms
  3 giant cockroaches
  3 goblins
  6 hobgoblins
  3 jackals (D:1)
  6 kobolds
  4 quokkas
  7 bats
  4 frilled lizards
  5 rats
61 creatures vanquished.

Vanquished Creatures (others)
  171 foxfires
171 creatures vanquished.

Grand Total: 232 creatures vanquished

Notes
Turn   | Place    | Note
-------+----------+-------------------------------------------
     0 | D:1      | funkygono the Gargoyle Fire Elementalist began the quest
                  | for the Orb.
     0 | D:1      | Reached XP level 1. HP: 10/10 MP: 3/3
    26 | D:1      | You fall into a shaft and drop 1 floor!
   288 | D:1      | Reached XP level 2. HP: 15/15 MP: 5/5
   520 | D:1      | Reached XP level 3. HP: 19/19 MP: 6/6
  1256 | D:1      | Learned a level 3 spell: Conjure Flame
  1258 | D:1      | Learned a level 1 spell: Pain
  1480 | D:2      | Reached XP level 4. HP: 19/24 MP: 6/8
  1607 | D:2      | Found Egunnauf's Antique Weapon Emporium.
  1645 | D:2      | Found a shimmering blue altar of Sif Muna.
  1749 | D:2      | Found a faded altar of an unknown god.
  1988 | D:2      | Reached skill level 4 in Fire Magic
  2434 | D:3      | Reached XP level 5. HP: 19/28 MP: 8/9
  2574 | D:3      | Noticed a necrophage
  2581 | D:3      | Killed a necrophage
  2582 | D:3      | Reached skill level 1 in Necromancy
  2692 | D:3      | Noticed Ijyb
  2699 | D:3      | Killed from afar by Ijyb

Illustrated notes

Levels and vault maps discovered:
D:1:      lemuel_arrival_rhombus, layout_basic, minmay_misc_feat_diagonals,
          wad_floor_pattern_2, kennysheep_pointless_box
D:2:      layout_basic, serial_shops, shop, basic_altar, basic_ecumenical_altar
D:3:      layout_rooms, uniq_ijyb

Skill      XL: |  1  2  3  4  5 |
---------------+----------------+-----
Fire Magic     | 4 |  4.1
Conjurations   | 2 |  2.4
Spellcasting   | 3 |  3.7
Necromancy     | 1 |  1.3
Dodging        | |  1.6
Stealth        | |  2.1

Action                   |  1- 3 |  4- 6 || total
-------------------------+-------+-------++-------
 Cast: Foxfire           |    63 |    42 ||   105
       Pain              |    10 |    26 ||    36
  Use: Scroll            |     1 |     3 ||     4
Armor: Robe              |     5 |     6 ||    11
Dodge: Dodged            |     8 |     2 ||    10
